[Event "Titled Tuesday Blitz November 01 Late 2022"]
[White "Rios Escobar, Adan"]
[Black "Annaberdiyev, Babageldi"]
[WhiteFideId "3403645"]
[BlackFideId "14000385"]
[WhiteElo "2354"]
[BlackElo "2332"]
[Result "0-1"]
[Round "01"]
[TimeControl "180+1"]
[Date "2022.11.02"]
[WhiteClock "0:00:06"]
[BlackClock "0:00:36"]

1. d4 Nf6 2. g3 g6 3. Bg2 Bg7 4. e4 d6 5. Ne2 O-O 6. O-O Nc6 7. Nbc3 e5 8. dxe5 Nxe5 9. f4 Nc6 10. h3 Re8 11. a4 a6 12. Rb1 Bd7 13. b4 h6 14. b5 Na5 15. Qd3 Be6 16. Rb4 c5 17. bxc6 Nxc6 18. Rxb7 Na5 19. Rb4 Rc8 20. Rd4 Qc7 21. Rxd6 Bc4 22. Qd1 Qc5+ 23. Kh1 h5 24. e5 Nh7 25. Ne4 Qc7 26. Be3 Red8 27. Bb6 Qxb6 28. Rxb6 Rxd1 29. Rxd1 Bxe2 30. Rd7 h4 31. Nd6 Rxc2 32. gxh4 Bc4 33. Nxc4 Nxc4 34. Rxa6 Rc1+ 35. Kh2 Nxe5 36. Rd8+ Nf8 37. Be4 Rc4 38. fxe5 Rxe4 39. Raa8 Rxe5 40. a5 Re2+ 41. Kh1 Ra2 42. a6 f5 43. a7 f4 44. Rd3 Kh7 45. Rf3 Ne6 46. Re8 Nc7 47. Re7 Rxa7 48. Rxf4 Ra1+ 49. Kg2 Nd5 50. Rff7 Nxe7 51. Rxe7 Kh6 52. Re6 Ra3 53. Rc6 Be5 54. Re6 Bf4 55. Re4 Bd6 56. Rg4 Rd3 57. Kf2 Be7 58. Kg2 Rd2+ 59. Kf1 Rd5 60. Kg2 Rf5 61. Kg1 Rh5 62. Kg2 Bxh4 63. Kf3 Bf6 64. Kg2 Rf5 65. Rg3 Rg5 66. Rxg5 Kxg5 67. Kg3 Be5+ 68. Kg2 Kh4 69. Kf3 Kxh3 70. Kf2 g5 71. Kg1 g4 72. Kh1 g3 73. Kg1 Bf4 74. Kh1 g2+ 75. Kg1 Be3# 0-1


[Site "https://www.chess.com"]

[Event "Titled Tuesday Blitz November 01 Late 2022"]
[White "Rodriguez Fontecha, Marcos"]
[Black "Papasimakopoulos, Alexandros"]
[WhiteFideId "2256576"]
[BlackFideId "4244125"]
[WhiteElo "2263"]
[BlackElo "2357"]
[Result "0-1"]
[Round "01"]
[TimeControl "180+1"]
[Date "2022.11.02"]
[WhiteClock "0:00:04"]
[BlackClock "0:00:34"]

1. Nf3 d5 2. g3 Nc6 3. Bg2 e5 4. d3 Nf6 5. Nbd2 Be7 6. e4 O-O 7. O-O Re8 8. Re1 dxe4 9. dxe4 h6 10. c3 Be6 11. Qc2 a5 12. b3 a4 13. bxa4 Ra7 14. Bf1 Bc5 15. Bb5 Ng4 16. Re2 Qf6 17. h3 Nxf2 18. Rxf2 Bxh3 19. Bf1 Bxf2+ 20. Kxf2 Bxf1 21. Nxf1 Rea8 22. Kg2 Rxa4 23. Ne3 Ne7 24. a3 Qe6 25. Nd2 f6 26. Bb2 Kh8 27. Rd1 Qc6 28. Kh2 b5 29. Qb3 Rd8 30. Qc2 Rd7 31. Qb3 Qc5 32. Qe6 Qxe3 33. Qxd7 Qe2+ 34. Kh3 Qxd1 35. Qxb5 h5 36. Qe8+ Kh7 37. Nf3 Qxf3 0-1


[Site "https://www.chess.com"]

[Event "Titled Tuesday Blitz November 01 Late 2022"]
[White "Romero Ruscalleda, Josep"]
[Black "Putnam, Liam"]
[WhiteFideId "2231859"]
[BlackFideId "30938279"]
[WhiteElo "2297"]
[BlackElo "2082"]
[Result "0-1"]
[Round "01"]
[TimeControl "180+1"]
[Date "2022.11.02"]
[WhiteClock "0:00:02"]
[BlackClock "0:00:07"]

1. e4 e5 2. Nf3 Nc6 3. Bc4 Nf6 4. d4 exd4 5. e5 d5 6. Bb5 Ne4 7. Nxd4 Bc5 8. O-O Bd7 9. Bxc6 bxc6 10. Be3 Rb8 11. Nd2 Nxd2 12. Qxd2 Bb6 13. Nb3 Qe7 14. Rfe1 O-O 15. Bg5 Qe6 16. Nd4 Qg6 17. c3 c5 18. Nf3 h6 19. Bf4 Bc6 20. h3 d4 21. Nh4 Qh5 22. Bg3 Rfd8 23. c4 Qg5 24. Qd3 Ba5 25. Re2 Rb6 26. f4 Qe7 27. f5 Qg5 28. Rf1 Rdb8 29. b3 Bc3 30. Kh2 Re8 31. f6 g6 32. Nxg6 Qxg6 33. Qxg6+ fxg6 34. f7+ Kf8 35. fxe8=Q+ Kxe8 36. Rf6 d3 37. Re3 d2 38. Rd3 Be4 39. Rxd2 Bxd2 40. e6 Bf5 41. Bxc7 Rxe6 42. Rxe6+ Bxe6 43. g4 g5 44. Kg3 Kd7 45. Bb8 a6 0-1


[Site "https://www.chess.com"]

[Event "Titled Tuesday Blitz November 01 Late 2022"]
[White "Roque Sola, Gisela"]
[Black "Omelja, Artem"]
[WhiteFideId "5120241"]
[BlackFideId "14119846"]
[WhiteElo "1961"]
[BlackElo "2403"]
[Result "1-0"]
[Round "01"]
[TimeControl "180+1"]
[Date "2022.11.02"]
[WhiteClock "0:00:11"]
[BlackClock "0:00:04"]

1. e4 c5 2. Nf3 e6 3. d4 cxd4 4. Nxd4 Nf6 5. Nc3 Nc6 6. Nxc6 bxc6 7. Bd3 d5 8. O-O Be7 9. Qe2 O-O 10. b3 Qc7 11. Bb2 Rd8 12. Rad1 h6 13. Rfe1 Bb7 14. Na4 Rac8 15. e5 Nd7 16. c4 Bb4 17. Rf1 Nf8 18. Kh1 Qe7 19. f4 c5 20. a3 Ba5 21. f5 exf5 22. Bxf5 Ne6 23. Qg4 dxc4 24. bxc4 Rxd1 25. Rxd1 Bc6 26. Nc3 Rd8 27. Nd5 Qb7 28. Bxe6 Qxb2 29. Bxf7+ Kxf7 30. e6+ Kg8 31. e7 Rb8 32. Qe6+ Kh8 33. Qxc6 Qe2 34. Rg1 Bd2 35. Qxc5 Bg5 36. Qxa7 Rg8 37. Qd7 Qe5 38. a4 Bf4 39. Nxf4 Qxf4 40. e8=Q Qxc4 41. Qxg8+ Kxg8 42. Re1 Kh7 43. Qe6 Qc2 44. Qe4+ Qxe4 45. Rxe4 1-0


[Site "https://www.chess.com"]

[Event "Titled Tuesday Blitz November 01 Late 2022"]
[White "Sailer, Mike"]
[Black "Di Nicolantonio, Lucas"]
[WhiteFideId "2012901"]
[BlackFideId "680460"]
[WhiteElo "2109"]
[BlackElo "2381"]
[Result "0-1"]
[Round "01"]
[TimeControl "180+1"]
[Date "2022.11.02"]
[WhiteClock "0:00:47"]
[BlackClock "0:00:54"]

1. Nf3 g6 2. g3 Bg7 3. Bg2 d5 4. c4 dxc4 5. O-O Nc6 6. Na3 e5 7. Nxc4 Nge7 8. d3 O-O 9. Bd2 Re8 10. Rc1 h6 11. b4 a6 12. a4 Nd5 13. b5 axb5 14. axb5 Nd4 15. e3 Nxb5 16. Qb3 c6 17. Ra1 Rxa1 18. Rxa1 e4 19. Nd4 Nxd4 20. exd4 Bxd4 21. Ra8 Qf6 22. Be3 exd3 23. Qxd3 Bxe3 24. Nxe3 Nxe3 25. fxe3 Rd8 26. Qb3 Be6 27. Rxd8+ Qxd8 28. Qxb7 Qd1+ 29. Kf2 Qd2+ 30. Kf1 Bc4+ 31. Kg1 Qe1+ 32. Bf1 Qxf1# 0-1


[Site "https://www.chess.com"]

[Event "Titled Tuesday Blitz November 01 Late 2022"]
[White "Salman, Pavel"]
[Black "Sjugirov, Sanan"]
[WhiteFideId "24153753"]
[BlackFideId "4189302"]
[WhiteElo "2187"]
[BlackElo "2609"]
[Result "0-1"]
[Round "01"]
[TimeControl "180+1"]
[Date "2022.11.02"]
[WhiteClock "0:00:04"]
[BlackClock "0:00:44"]

1. Nf3 d5 2. g3 Nd7 3. Bg2 e5 4. d3 Ngf6 5. O-O Bd6 6. Nbd2 O-O 7. e4 c6 8. Re1 Re8 9. c3 Nf8 10. Qc2 Ng6 11. Nf1 h6 12. Ne3 a5 13. a4 Be6 14. Bd2 Qd7 15. Rad1 Rad8 16. Bc1 Qc7 17. h4 Qb6 18. Nd2 Bc5 19. Nb3 Bxe3 20. Bxe3 d4 21. Nxd4 exd4 22. Bxd4 c5 23. Bxf6 gxf6 24. Qd2 Kg7 25. h5 Ne5 26. d4 cxd4 27. cxd4 Bg4 28. Rc1 Rxd4 29. Qf4 Bxh5 30. Kh1 Nd3 31. Qh4 Nxc1 32. Qxh5 Nd3 33. Qg4+ Kf8 34. Rf1 Rdxe4 35. Bxe4 Nxf2+ 36. Rxf2 Qxf2 37. Bg2 Re2 38. Qc8+ Re8 39. Qg4 h5 40. Qxh5 Qxg3 41. Qc5+ Kg7 42. Bf1 Rh8+ 0-1


[Site "https://www.chess.com"]

[Event "Titled Tuesday Blitz November 01 Late 2022"]
[White "Santos Flores, Alberto"]
[Black "Zhigalko, Sergei"]
[WhiteFideId "3601234"]
[BlackFideId "13502956"]
[WhiteElo "2235"]
[BlackElo "2662"]
[Result "1-0"]
[Round "01"]
[TimeControl "180+1"]
[Date "2022.11.02"]
[WhiteClock "0:00:08"]
[BlackClock "0:00:08"]

1. e4 c5 2. Nf3 Nc6 3. Nc3 Nf6 4. d4 cxd4 5. Nxd4 e5 6. Ndb5 d6 7. Bg5 a6 8. Na3 b5 9. Bxf6 gxf6 10. Nd5 Bg7 11. c3 f5 12. exf5 Bxf5 13. Nc2 Be6 14. Nce3 Ne7 15. g3 Nxd5 16. Nxd5 O-O 17. Bg2 a5 18. O-O Rb8 19. f4 f5 20. Kh1 Kh8 21. Qd2 e4 22. Rad1 Qd7 23. g4 b4 24. c4 b3 25. a3 Bxd5 26. cxd5 a4 27. Rfe1 Rbc8 28. Rc1 Rxc1 29. Rxc1 e3 30. Qxe3 Bxb2 31. Rb1 Bg7 32. g5 Qb5 33. h4 Re8 34. Qh3 Qc5 35. Qxf5 Qxa3 36. Be4 Kg8 37. Qxh7+ Kf8 38. Qf5+ Ke7 39. g6 Kd8 40. h5 Qb4 41. Bf3 b2 42. Bg4 Qb7 43. h6 Be5 44. fxe5 Qxd5+ 45. Bf3 Qxe5 46. Qxe5 Rxe5 47. h7 Re8 48. g7 a3 49. Bd5 Kc7 50. g8=Q a2 51. Bxa2 Re1+ 52. Rxe1 b1=Q 53. Rxb1 d5 54. Rc1+ Kd6 55. Qg6+ Ke5 56. h8=Q+ Kf4 57. Qf8+ Ke3 58. Re1+ Kd2 59. Qf2+ Kc3 60. Qgc2+ Kb4 61. Rb1+ Ka5 62. Qa7# 1-0


[Site "https://www.chess.com"]

[Event "Titled Tuesday Blitz November 01 Late 2022"]
[White "Sargsyan, Anna M."]
[Black "Arnold, Ken"]
[WhiteFideId "13308130"]
[BlackFideId "2056836"]
[WhiteElo "2284"]
[BlackElo "2323"]
[Result "1-0"]
[Round "01"]
[TimeControl "180+1"]
[Date "2022.11.02"]
[WhiteClock "0:00:24"]
[BlackClock "0:00:08"]

1. d4 d5 2. c4 c6 3. Nf3 Nf6 4. Nc3 dxc4 5. a4 Bf5 6. Ne5 e6 7. Bg5 Nbd7 8. Nxc4 Be7 9. e3 h6 10. Bh4 O-O 11. Bd3 Bxd3 12. Qxd3 Nd5 13. Bg3 c5 14. O-O cxd4 15. exd4 N7b6 16. Ne5 Rc8 17. a5 Nd7 18. Nxd5 exd5 19. Qb5 Nxe5 20. Bxe5 b6 21. axb6 Qxb6 22. Qxd5 Qxb2 23. Rxa7 Rc1 24. g3 Bb4 25. Rxc1 Qxc1+ 26. Kg2 Qd2 27. Qf3 Qc2 28. Qg4 g6 29. Rc7 Qf5 30. Qxf5 gxf5 31. Kf3 Bd2 32. h4 Rd8 33. h5 Bg5 34. Rc4 f6 35. Bc7 Rd7 36. Bb6 Kf7 37. Ke2 f4 38. g4 f5 39. gxf5 Kf6 40. Rc5 Kf7 41. Kd3 Bf6 42. Rc6 Rd5 43. Ke4 Rb5 44. Rc7+ Ke8 45. Bc5 f3 46. Kxf3 Bd8 47. Rh7 1-0


[Site "https://www.chess.com"]

[Event "Titled Tuesday Blitz November 01 Late 2022"]
[White "Schekachikhin, Maksim"]
[Black "Hemam, Moulaye Brahim"]
[WhiteFideId "24177830"]
[BlackFideId "19600054"]
[WhiteElo "2272"]
[BlackElo "2088"]
[Result "0-1"]
[Round "01"]
[TimeControl "180+1"]
[Date "2022.11.02"]
[WhiteClock "0:00:48"]
[BlackClock "0:01:13"]

1. d4 Nf6 2. c4 e6 3. Nf3 d5 4. Nc3 Be7 5. Bf4 O-O 6. e3 a6 7. Qc2 c5 8. dxc5 Bxc5 9. Rd1 Bb4 10. a3 Bxc3+ 11. Qxc3 Nc6 12. Be2 Bd7 13. O-O Rc8 14. Bg5 h6 15. Bxf6 Qxf6 16. Qxf6 gxf6 17. cxd5 exd5 18. Rxd5 Be6 19. Rd2 Ne5 20. Nxe5 fxe5 21. Bf3 Rc7 22. h3 Kg7 23. Rfd1 Kf6 24. Kf1 Ke7 25. Bd5 Rd8 26. Bxe6 Rxd2 27. Rxd2 Kxe6 28. Ke2 f5 29. f4 e4 30. Kd1 b5 31. Rc2 Rg7 32. Rc6+ Kd5 33. Rxh6 Rxg2 34. b4 Rh2 35. h4 Kc4 36. h5 Kd3 37. Rd6+ Kxe3 38. h6 Kxf4 39. Rxa6 Ke3 40. Rc6 f4 41. Rc3+ Kd4 0-1


[Site "https://www.chess.com"]

[Event "Titled Tuesday Blitz November 01 Late 2022"]
[White "Seo, Jung Min"]
[Black "Milosevic, Milos"]
[WhiteFideId "1734687"]
[BlackFideId "964875"]
[WhiteElo "2455"]
[BlackElo "2321"]
[Result "1-0"]
[Round "01"]
[TimeControl "180+1"]
[Date "2022.11.02"]
[WhiteClock "0:02:15"]
[BlackClock "0:02:14"]

1. e4 e5 2. Nf3 Nf6 3. Nxe5 d6 4. Nf3 Nxe4 5. d4 d5 6. Bd3 Nc6 7. O-O Be7 8. c4 Nb4 9. Be2 O-O 10. Nc3 Nxc3 11. bxc3 Nc6 12. Re1 Bg4 13. h3 Bxf3 14. Bxf3 dxc4 15. Qa4 Qd6 16. Qxc4 Rfe8 17. Rb1 Na5 18. Qb5 Qb6 19. Bf4 Bd6 20. Rxe8+ 1-0


[Site "https://www.chess.com"]

[Event "Titled Tuesday Blitz November 01 Late 2022"]
[White "Silva, Kaua Marques"]
[Black "Rorrer, Grayson"]
[WhiteFideId "22701168"]
[BlackFideId "30944996"]
[WhiteElo "2083"]
[BlackElo "2130"]
[Result "0-1"]
[Round "01"]
[TimeControl "180+1"]
[Date "2022.11.02"]
[WhiteClock "0:01:07"]
[BlackClock "0:00:23"]

1. Nf3 Nf6 2. g3 d5 3. Bg2 c6 4. O-O Bg4 5. Ne5 Bf5 6. c4 e6 7. d3 Nbd7 8. Nxd7 Nxd7 9. Nc3 Bg6 10. e4 dxc4 11. dxc4 Ne5 12. b3 Bb4 13. Ne2 Qxd1 14. Rxd1 Bh5 15. Kf1 Nf3 16. h3 Nh2+ 17. Kg1 Bxe2 18. Bd2 Bxd1 19. Bxb4 Nf3+ 20. Kf1 O-O-O 21. Bc3 e5 22. Bb4 Rd3 23. Rxd1 Rxd1+ 24. Ke2 Ra1 25. Bxf3 Rxa2+ 26. Kd3 Rd8+ 27. Ke3 b6 28. Be7 Rdd2 29. Bg4+ Kb7 30. f4 Rdb2 31. fxe5 Rxb3+ 32. Kf4 Rf2+ 33. Kg5 Rxg3 34. Bf8 Rc3 35. Bxg7 Rxc4 36. Bf5 a5 37. Kf6 Rxe4 0-1


[Site "https://www.chess.com"]

[Event "Titled Tuesday Blitz November 01 Late 2022"]
[White "Silva Lucena, Cristian"]
[Black "Atanasov, Anthony"]
[WhiteFideId "2232588"]
[BlackFideId "2623897"]
[WhiteElo "2223"]
[BlackElo "2048"]
[Result "1-0"]
[Round "01"]
[TimeControl "180+1"]
[Date "2022.11.02"]
[WhiteClock "0:00:48"]
[BlackClock "0:00:01"]

1. e4 e5 2. Nf3 Nf6 3. Nc3 Nc6 4. g3 Bc5 5. Bg2 d6 6. O-O h6 7. d3 Be6 8. Na4 Bb6 9. Nxb6 axb6 10. a3 Qd7 11. Re1 O-O-O 12. d4 exd4 13. Nxd4 Nxd4 14. Qxd4 Qb5 15. a4 Qe5 16. Qd3 Ng4 17. h3 Nf6 18. Bf4 Qc5 19. Be3 Qc4 20. a5 b5 21. a6 Qxd3 22. axb7+ Kxb7 23. cxd3 Rhe8 24. Ra7+ Kb8 25. Rea1 c5 26. e5 Nd5 27. exd6 Rxd6 28. Bf4 Rd8 29. Bxd6+ Rxd6 30. Ra8+ Kc7 31. R1a7+ Kc6 32. Ra6+ Kd7 33. Rxd6+ Kxd6 34. Bxd5 Bxd5 35. Rg8 g6 36. Kf1 Ke5 37. Ke2 Kd4 38. Kd2 b4 39. g4 Be6 40. Rh8 Bd5 41. Rxh6 Bf3 42. Rh7 Bd5 43. h4 Be6 44. f3 b3 45. h5 gxh5 46. gxh5 Ke5 47. h6 Kf6 48. Rg7 Bf5 49. Kc3 Bg6 50. Kxb3 Bxd3 51. Kc3 Bf5 52. Kc4 Be6+ 53. Kxc5 Bf5 54. b4 Bd3 55. b5 Be2 56. b6 Bxf3 57. Kd6 Be4 58. Kc7 Ke7 59. h7 Bxh7 60. Rxh7 Kf6 61. Rxf7+ Kxf7 62. b7 Ke7 63. b8=Q Ke6 64. Qe8+ Kd5 65. Qe3 Kc4 66. Qe5 Kb4 67. Qd5 Kc3 68. Qe4 Kb3 69. Qd4 Kc2 70. Qe3 Kb2 71. Qd3 Ka2 72. Qb5 Ka3 73. Kd6 Ka2 74. Kd5 Ka3 75. Ke4 Ka2 76. Ke3 Ka1 77. Kd2 1-0


[Site "https://www.chess.com"]

[Event "Titled Tuesday Blitz November 01 Late 2022"]
[White "Sokolovsky, Yahli"]
[Black "Kekic, Armin"]
[WhiteFideId "2820242"]
[BlackFideId "14401274"]
[WhiteElo "2316"]
[BlackElo "2132"]
[Result "1/2-1/2"]
[Round "01"]
[TimeControl "180+1"]
[Date "2022.11.02"]
[WhiteClock "0:01:01"]
[BlackClock "0:00:28"]

1. b3 d5 2. e3 Bf5 3. Bb2 e6 4. Nf3 h6 5. d4 Nf6 6. Bd3 Bxd3 7. Qxd3 Nbd7 8. O-O Be7 9. c4 c5 10. Nc3 cxd4 11. exd4 dxc4 12. bxc4 O-O 13. Rfd1 Rc8 14. Rac1 Qa5 15. d5 exd5 16. Nxd5 Nxd5 17. Qxd5 Qxd5 18. cxd5 Bf6 19. Bxf6 Nxf6 20. Rxc8 Rxc8 21. h3 Rd8 22. d6 Ne4 23. d7 Nc5 24. Rd5 b6 25. Ne5 f6 26. Nc6 Rxd7 27. Rxd7 Nxd7 28. Nxa7 Kf7 29. Kf1 Ke6 30. Nb5 Kd5 31. Ke2 Kc4 32. Nd6+ Kc3 33. Nf5 Kb2 34. Kd3 b5 35. Nd6 b4 36. Kc4 Kxa2 37. Kxb4 Kb2 38. Kc4 Kc2 39. Nf5 Kd2 40. Nxg7 Ke2 41. f4 Kf2 42. g4 Kg3 43. Nf5+ Kxf4 44. Nxh6 Kg3 45. Kd5 Kxh3 46. Ke6 Ne5 47. Kxf6 Nxg4+ 1/2-1/2


[Site "https://www.chess.com"]

[Event "Titled Tuesday Blitz November 01 Late 2022"]
[White "Storey, Charles H"]
[Black "Timmermans, Mark"]
[WhiteFideId "406686"]
[BlackFideId "1026399"]
[WhiteElo "2252"]
[BlackElo "2460"]
[Result "0-1"]
[Round "01"]
[TimeControl "180+1"]
[Date "2022.11.02"]
[WhiteClock "0:00:06"]
[BlackClock "0:00:49"]

1. e4 e5 2. Nf3 Nc6 3. Bb5 f5 4. d3 fxe4 5. dxe4 Nf6 6. Nc3 Bb4 7. Bg5 Bxc3+ 8. bxc3 d6 9. Bc4 Na5 10. Bd3 O-O 11. Nh4 b6 12. O-O Qe8 13. Nf5 Bxf5 14. exf5 e4 15. Be2 Qe5 16. g4 Nd5 17. c4 Nc3 18. Qd2 Nxe2+ 19. Qxe2 Rae8 20. Bd2 g6 21. fxg6 hxg6 22. Bxa5 Qxa5 23. Qd1 Re5 24. h3 Rf3 25. Qd4 Rxh3 26. Kg2 Qc3 27. Qxc3 Rxc3 28. Rh1 Rxc2 29. Rh6 Kg7 30. Rah1 e3 31. Rh7+ Kf6 32. Kg3 e2 33. Rh8 e1=Q 34. Rf8+ Kg7 0-1


[Site "https://www.chess.com"]

[Event "Titled Tuesday Blitz November 01 Late 2022"]
[White "Suder, Jakub"]
[Black "Fishchuk, Vladyslav"]
[WhiteFideId "1195310"]
[BlackFideId "34122117"]
[WhiteElo "2174"]
[BlackElo "2054"]
[Result "0-1"]
[Round "01"]
[TimeControl "180+1"]
[Date "2022.11.02"]
[WhiteClock "0:01:04"]
[BlackClock "0:01:26"]

1. d4 Nf6 2. c4 e6 3. Nc3 Bb4 4. f3 c5 5. d5 b5 6. e4 d6 7. Kf2 bxc4 8. Bxc4 O-O 9. Nge2 Ba6 10. Bxa6 Nxa6 11. Bf4 c4 12. g4 Nc5 13. Kg2 Nd3 14. Bg5 h6 15. Bh4 Nxb2 16. Qd2 Nd3 17. g5 Nh5 18. Rhf1 Bxc3 19. Nxc3 Nhf4+ 20. Kh1 hxg5 21. Bg3 e5 22. Nd1 Rb8 23. Ne3 Qc7 24. Qc3 Rfc8 25. Rab1 g6 26. a4 Rxb1 27. Rxb1 Qc5 28. Ng4 Kg7 29. Bxf4 gxf4 30. Rb7 Nf2+ 31. Nxf2 Qxf2 32. Rb1 Rh8 0-1


[Site "https://www.chess.com"]

[Event "Titled Tuesday Blitz November 01 Late 2022"]
[White "Svane, Rasmus"]
[Black "Borisova, Ekaterina"]
[WhiteFideId "4657101"]
[BlackFideId "34124184"]
[WhiteElo "2674"]
[BlackElo "2134"]
[Result "1-0"]
[Round "01"]
[TimeControl "180+1"]
[Date "2022.11.01"]
[WhiteClock "0:01:06"]
[BlackClock "0:00:03"]

1. Nf3 d5 2. g3 c5 3. Bg2 Nc6 4. d4 Nf6 5. O-O e6 6. c4 dxc4 7. dxc5 Qxd1 8. Rxd1 Bxc5 9. Nbd2 c3 10. bxc3 O-O 11. Nb3 Be7 12. Nfd4 Nxd4 13. Rxd4 e5 14. Rc4 Rb8 15. Bg5 h6 16. Bxf6 Bxf6 17. Rd1 Be6 18. Rc7 Rfc8 19. Rxc8+ Rxc8 20. Bxb7 Rxc3 21. Bd5 Bxd5 22. Rxd5 Rc2 23. Rd2 Rxd2 24. Nxd2 Be7 25. Kf1 f6 26. e4 Kf7 27. Ke2 Ke6 28. Kd3 g6 29. Kc4 f5 30. f3 Bd8 31. Kc5 Bb6+ 32. Kc6 h5 33. a4 Bf2 34. a5 Bg1 35. h3 Bf2 36. g4 fxg4 37. fxg4 Be3 38. Nf3 Bd4 39. a6 hxg4 40. hxg4 Bb6 41. Nd2 Bd4 42. Nb3 Be3 43. Nc5+ Kf6 44. Nd7+ Kg5 45. Nxe5 Bg1 46. Nf3+ 1-0


[Site "https://www.chess.com"]

[Event "Titled Tuesday Blitz November 01 Late 2022"]
[White "Szente Varga, Fruzsina"]
[Black "Gubajdullin, Alexei"]
[WhiteFideId "712264"]
[BlackFideId "4141202"]
[WhiteElo "1994"]
[BlackElo "2200"]
[Result "1-0"]
[Round "01"]
[TimeControl "180+1"]
[Date "2022.11.02"]
[WhiteClock "0:00:11"]
[BlackClock "0:00:02"]

1. e4 c6 2. d4 d5 3. Nc3 dxe4 4. Nxe4 Bf5 5. Ng3 Bg6 6. Bc4 e6 7. c3 Nf6 8. N1e2 Nd5 9. O-O Bd6 10. f4 O-O 11. f5 exf5 12. Nxf5 Bc7 13. Neg3 Nd7 14. Bxd5 cxd5 15. Qf3 Nb6 16. Nh5 Bxf5 17. Qxf5 Qh4 18. Bf4 Bxf4 19. Rxf4 Qe7 20. Rg4 g6 21. Nf6+ Kh8 22. Qg5 Nd7 23. Nxh7 Rfe8 24. Rh4 Qxg5 25. Nxg5+ Kg7 26. Rf1 Nf6 27. Rhf4 Nh5 28. Rxf7+ Kg8 29. Rxb7 Re2 30. Rff7 Rf8 31. Rxf8+ Kxf8 32. Nf3 a5 33. Ne5 Nf4 34. g3 Nh3+ 35. Kf1 Rf2+ 36. Ke1 g5 37. Rb5 Rxh2 38. Nd3 Rg2 39. Rxd5 Rxg3 40. Ke2 Rg1 41. Rxa5 g4 42. Rf5+ Ke7 43. Nf4 Rb1 44. b4 Ra1 45. Kd3 Nf2+ 46. Kc4 g3 47. Rg5 Nh1 48. Nh5 1-0


[Site "https://www.chess.com"]

[Event "Titled Tuesday Blitz November 01 Late 2022"]
[White "Szpar, Milosz"]
[Black "Prohorov, Olexandr"]
[WhiteFideId "1184989"]
[BlackFideId "14105578"]
[WhiteElo "2422"]
[BlackElo "1993"]
[Result "1-0"]
[Round "01"]
[TimeControl "180+1"]
[Date "2022.11.02"]
[WhiteClock "0:01:10"]
[BlackClock "0:00:01"]

1. e4 c5 2. Nf3 e6 3. d4 cxd4 4. Nxd4 Qb6 5. Nb3 Nf6 6. Bd3 Nc6 7. O-O Be7 8. c4 d6 9. Nc3 a6 10. Be3 Qc7 11. f4 h5 12. Kh1 h4 13. Qf3 b6 14. e5 Nd7 15. exd6 Bxd6 16. Ne4 Be7 17. c5 b5 18. Qg4 g6 19. Rac1 Bb7 20. Rfd1 h3 21. Nd6+ Bxd6 22. cxd6 hxg2+ 23. Kg1 Qd8 24. Nc5 Nxc5 25. Bxc5 Qd7 26. Qg5 Rh5 27. Qf6 Kf8 28. Bxg6 Rh6 29. f5 exf5 30. Qxf5 Qxf5 31. Bxf5 Rf6 32. Be4 1-0


[Site "https://www.chess.com"]

[Event "Titled Tuesday Blitz November 01 Late 2022"]
[White "Tan, Ralph"]
[Black "Shipov, Sergei"]
[WhiteFideId "30966590"]
[BlackFideId "4113624"]
[WhiteElo "2059"]
[BlackElo "2755"]
[Result "0-1"]
[Round "01"]
[TimeControl "180+1"]
[Date "2022.11.02"]
[WhiteClock "0:00:04"]
[BlackClock "0:00:41"]

1. Nf3 d5 2. g3 c6 3. Bg2 Bg4 4. Ne5 Be6 5. O-O Nd7 6. d4 Ngf6 7. b3 g6 8. Bb2 Bg7 9. Nd3 O-O 10. Nd2 Bf5 11. Re1 Ne4 12. f3 Nxd2 13. Qxd2 Qb6 14. Nf2 a5 15. e4 Be6 16. a4 Rad8 17. h4 Qa7 18. Kh2 c5 19. exd5 Bxd5 20. c4 Bxc4 21. bxc4 cxd4 22. Nd3 e5 23. Ba3 Rfe8 24. Rab1 f5 25. Rb5 b6 26. h5 Qc7 27. c5 bxc5 28. Nxc5 Nxc5 29. Bxc5 Qf7 30. Rxa5 d3 31. Ra7 Qd5 32. Be3 e4 33. fxe4 fxe4 34. h6 Be5 35. Rf1 Rd7 36. Rxd7 Qxd7 37. Qa2+ Kh8 38. Rf7 Qd6 39. Bf4 Bxf4 40. Rxh7+ Kxh7 41. Qf7+ Kxh6 42. Qxe8 Bxg3+ 43. Kh3 Be5 44. Bxe4 d2 45. Bf3 Qd3 46. Qa8 d1=Q 47. Kg4 Qf5+ 48. Kh4 Qe1# 0-1


[Site "https://www.chess.com"]

[Event "Titled Tuesday Blitz November 01 Late 2022"]
[White "Tanenbaum, Zachary"]
[Black "Garagulya, Konstantin"]
[WhiteFideId "2060850"]
[BlackFideId "4128931"]
[WhiteElo "2175"]
[BlackElo "2329"]
[Result "0-1"]
[Round "01"]
[TimeControl "180+1"]
[Date "2022.11.02"]
[WhiteClock "0:00:26"]
[BlackClock "0:00:30"]

1. e4 c5 2. Nf3 a6 3. Nc3 b5 4. d4 cxd4 5. Nxd4 Bb7 6. Bd3 g6 7. O-O Bg7 8. Be3 d6 9. f4 Nd7 10. Qd2 Ngf6 11. Rae1 b4 12. Nce2 a5 13. Ng3 O-O 14. f5 Ng4 15. c3 bxc3 16. bxc3 Nxe3 17. Qxe3 Rc8 18. Rb1 Ba8 19. Ba6 Rc5 20. Nge2 Qc7 21. h4 Nf6 22. Bd3 Ng4 23. Qg3 Rxc3 24. Nb5 Qc5+ 25. Kh1 Rxd3 26. Qxd3 Nf2+ 27. Rxf2 Qxf2 28. Nc7 Qxh4+ 29. Kg1 Bxe4 30. Qc4 Bf6 31. Rf1 Bxf5 32. Qc6 Bd3 33. Rf4 Qe1+ 34. Kh2 Qxe2 35. Nd5 Qh5+ 36. Kg1 Qd1+ 37. Kf2 Qd2+ 38. Kg1 Bg5 39. Rf3 Be4 40. Nxe7+ Bxe7 41. Qxe4 Bg5 42. Kh2 d5 43. Qe5 h6 44. a4 Qb4 45. Kh3 Qxa4 46. Kh2 Qe4 47. Qc7 d4 48. Kg1 d3 49. Qd7 a4 50. Rxd3 Qe1+ 51. Kh2 Qh4+ 52. Rh3 Qf4+ 53. Kg1 a3 54. Rxa3 Qc1+ 55. Kh2 Qxa3 56. g4 Qf3 57. Qd4 Qf4+ 58. Qxf4 Bxf4+ 59. Kh3 Bg5 60. Kg3 Kg7 61. Kf3 Re8 62. Kf2 Re6 63. Kg2 Rf6 64. Kg3 Rf4 65. Kg2 Rd4 66. Kh3 Rc4 67. Kh2 Rxg4 68. Kh3 Rf4 69. Kh2 Kf6 70. Kh3 Kf5 71. Kh2 h5 72. Kh3 Bf6 73. Kh2 Be5 74. Kg2 g5 75. Kh3 g4+ 76. Kg2 h4 77. Kh1 Rc4 78. Kg2 Bf6 79. Kh1 Bg5 80. Kg1 Kg6 81. Kg2 f5 82. Kh1 f4 83. Kg2 Kf5 84. Kf1 Rc2 85. Ke1 h3 86. Kd1 Ra2 87. Kc1 h2 88. Kb1 Rg2 89. Kc1 h1=Q# 0-1


[Site "https://www.chess.com"]

[Event "Titled Tuesday Blitz November 01 Late 2022"]
[White "Ter-Sahakyan, Samvel"]
[Black "Ozates, Tuna"]
[WhiteFideId "13302531"]
[BlackFideId "6354521"]
[WhiteElo "2604"]
[BlackElo "2151"]
[Result "1-0"]
[Round "01"]
[TimeControl "180+1"]
[Date "2022.11.01"]
[WhiteClock "0:00:16"]
[BlackClock "0:00:11"]

1. e4 c5 2. Nf3 Nc6 3. Nc3 d6 4. d4 cxd4 5. Nxd4 e5 6. Nf3 h6 7. Bc4 Nf6 8. O-O Be7 9. Re1 O-O 10. h3 Be6 11. Bf1 Rc8 12. Nd5 Bxd5 13. exd5 Nb4 14. c4 a5 15. Be3 Nd7 16. a3 Na6 17. Rb1 f5 18. b4 f4 19. Bd2 axb4 20. axb4 Qe8 21. Bd3 Bd8 22. Qe2 Qh5 23. Rbc1 Bb6 24. Qe4 Nf6 25. Qf5 Qxf5 26. Bxf5 Rcd8 27. Be6+ Kh7 28. Bc3 Nc7 29. Bf5+ g6 30. Bb1 Ng8 31. c5 dxc5 32. bxc5 Bxc5 33. Nxe5 Ne7 34. Ba5 b6 35. Rxc5 bxc5 36. Bxc7 Rxd5 37. Nxg6 Nxg6 38. Re7+ Kg8 39. Bxg6 c4 40. Be5 Rc8 41. Bc3 Rg5 42. Rg7+ Kf8 43. h4 Rd5 44. Rf7+ Kg8 45. Rh7 1-0


[Site "https://www.chess.com"]

[Event "Titled Tuesday Blitz November 01 Late 2022"]
[White "Thomforde-Toates, Noah"]
[Black "Wessendorf, Thomas, Dr."]
[WhiteFideId "30951992"]
[BlackFideId "4604270"]
[WhiteElo "2625"]
[BlackElo "2280"]
[Result "1-0"]
[Round "01"]
[TimeControl "180+1"]
[Date "2022.11.02"]
[WhiteClock "0:00:51"]
[BlackClock "0:00:55"]

1. d4 Nf6 2. Nc3 d5 3. Bf4 e6 4. e3 Bd6 5. Nf3 O-O 6. Bd3 Bxf4 7. exf4 b6 8. O-O Ba6 9. Bxa6 Nxa6 10. a4 Nb4 11. a5 c5 12. Ne5 Qe7 13. Re1 Rfc8 14. axb6 axb6 15. Na4 cxd4 16. Nxb6 Rxa1 17. Nxc8 Qb7 18. Qxa1 Nxc2 19. Nd6 Qb8 20. Nc6 1-0


[Site "https://www.chess.com"]